Map: Inside and Out

Players

Vindicta

  • Race: Terran Terran
  • Spawn Location: 1:00

SpeCial - Winner!

  • Race: Terran Terran
  • Spawn Location: 7:00

Event: DreamHack SC2 Masters 2022 Atlanta (Offline)

VOD

Have the link to the VOD?

Description

Time

  • Played on: Nov. 18, 2022, 1:31 p.m.
  • Length: 9:54

All games in this series

Show
View Real Time Build Order
Export as new Build Order

Vindicta Terran 

Build Orders:  

Get SALT Encoding   

  12  0:00  SCV  
  13  0:12  SCV  
  14  0:17  Supply Depot  
  14  0:24  SCV  
  15  0:38  SCV  
  15  0:40  Barracks  
  15  0:42  Refinery  
  16  0:50  SCV  
  16  0:52  Refinery  
  17  1:03  SCV  
  18  1:15  SCV  
  19  1:27  Reaper, Orbital Command  
  19  1:30  Supply Depot  
  20  1:45  Factory  
  20  1:53  SCV  
  21  1:59  Barracks Reactor  
  21  2:05  SCV  
  22  2:17  SCV  
  23  2:25  Command Center  
  23  2:31  Hellion  
  23  2:35  Reaper  
  26  2:37  Reaper  
  26  2:39  SCV  
  28  2:48  Starport  
  28  2:51  SCV  
  28  2:57  Hellion  
  31  3:02  Supply Depot  
  31  3:11  Reaper  
  31  3:18  Reaper  
  31  3:27  Factory Tech Lab  
  31  3:30  Starport Tech Lab  
  31  3:35  SCV  
  31  3:38  Orbital Command  
  31  3:43  Marine  
  31  3:48  SCV  
  33  3:49  Marine  
  33  3:50  Cyclone  
  36  4:00  SCV  
  36  4:01  Marine  
  38  4:03  SCV  
  38  4:06  Refinery  
  38  4:07  Marine  
  40  4:12  SCV  
  40  4:15  Banshee  
  40  4:16  SCV  
  43  4:19  Marine  
  43  4:22  Siege Tank  
  48  4:24  SCV  
  48  4:28  SCV  
  48  4:29  Supply Depot  
  49  4:34  Marine  
  49  4:36  SCV, Marine  
  52  4:40  SCV  
  52  4:41  Supply Depot  
  53  4:48  SCV  
  53  4:52  SCV  
  55  4:56  Marine  
  55  4:57  Raven, Marine  
  57  5:00  SCV  
  57  5:04  SCV  
  58  5:12  SCV  
  58  5:13  Siege Tank  
  62  5:15  Marine x2  
  62  5:16  SCV  
  65  5:24  SCV  
  65  5:26  Supply Depot  
  66  5:28  SCV  
  67  5:36  Command Center  
  67  5:38  SCV  
  67  5:40  SCV  
  69  5:50  SCV  
  69  5:51  Refinery  
  69  5:56  Barracks x2  
  70  6:00  Siege Tank  
  70  6:02  SCV  
  70  6:03  Stimpack  
  74  6:05  SCV  
  74  6:10  Starport Reactor  
  75  6:12  Supply Depot  
  75  6:14  SCV  
  75  6:18  SCV  
  77  6:26  SCV  
  77  6:27  Engineering Bay  
  77  6:28  Engineering Bay  
  78  6:34  SCV  
  78  6:35  Supply Depot  
  78  6:38  SCV, Siege Tank  
  83  6:46  SCV  
  84  6:47  Marine  
  84  6:48  Marine  
  84  6:52  Marine x2, Starport Reactor  
  84  6:57  Terran Infantry Armor Level 1, Terran Infantry Weapons Level 1  
  84  7:03  SCV  
  84  7:05  SCV, Marine  
  84  7:06  Marine  
  87  7:10  Siege Tank  
  87  7:11  Orbital Command  
  87  7:14  Marine  
  90  7:17  SCV  
  90  7:19  SCV  
  92  7:29  SCV, Marine x2  
  92  7:30  Supply Depot x2  
  92  7:33  SCV  
  92  7:36  Medivac  
  92  7:39  Medivac  
  92  7:41  SCV, Marine  
  92  7:43  Combat Shield  
  97  7:45  Siege Tank  
  97  7:46  Marine  
  97  7:48  SCV  
  97  7:49  Marine  
  102  7:51  Marine x2  
  104  7:59  Marine  
  104  8:04  Marine  
  88  8:07  Marine  
  88  8:08  SCV  
  88  8:09  SCV, Marine  
  88  8:10  Barracks  
  88  8:11  Barracks  
  93  8:14  SCV  
  93  8:16  Marine  
  93  8:18  Armory  
  94  8:22  Marine  
  94  8:23  Sensor Tower  
  94  8:24  SCV  
  94  8:25  Marine  
  98  8:27  Medivac  
  98  8:28  Medivac  
  98  8:29  SCV  
  98  8:31  Marine  
  98  8:32  Marine  
  104  8:35  SCV  
  104  8:36  SCV  
  104  8:37  Refinery, Marine  
  104  8:40  Marine  
  107  8:41  Refinery  
  107  8:43  Marine  
  107  8:46  SCV  
  107  8:47  SCV  
  110  8:48  Marine  
  110  8:51  Siege Tank  
  110  8:53  Marine  
  110  8:55  Marine  
  115  8:57  SCV, Medivac  
  120  9:02  Marine  
  120  9:04  Marine  
  120  9:06  Barracks Reactor  
  120  9:08  Barracks Reactor, Marine  
  120  9:10  Marine  
  120  9:12  Marine  
  120  9:15  Supply Depot  
  118  9:20  Marine  
  118  9:21  Marine  
  117  9:26  Marine  
  117  9:28  SCV, Marine  
  117  9:30  Marine  
  119  9:33  Supply Depot  
  119  9:44  Missile Turret x2  
Show
View Real Time Build Order
Export as new Build Order

SpeCial Terran - Winner!

Build Orders:  

Get SALT Encoding   

  12  0:00  SCV  
  13  0:12  SCV  
  14  0:17  Supply Depot  
  14  0:24  SCV  
  15  0:38  SCV  
  15  0:40  Barracks  
  16  0:43  Refinery  
  16  0:50  SCV  
  16  0:52  Refinery  
  17  1:03  SCV  
  18  1:15  SCV  
  19  1:27  Reaper, Orbital Command  
  19  1:31  Supply Depot  
  20  1:41  Factory  
  20  1:53  SCV  
  21  1:59  Reaper  
  22  2:05  SCV  
  23  2:17  SCV  
  24  2:23  Command Center  
  24  2:28  Hellion  
  26  2:34  SCV  
  26  2:35  Barracks Tech Lab  
  27  2:42  Supply Depot  
  27  2:46  SCV  
  28  2:52  Starport  
  28  2:58  SCV  
  29  3:01  Barracks Tech Lab  
  29  3:05  Cyclone  
  32  3:10  SCV  
  30  3:22  SCV  
  31  3:30  Refinery, Marine  
  32  3:37  Cyclone  
  32  3:38  Banshee  
  32  3:39  Orbital Command  
  32  3:41  SCV  
  38  3:48  Marine  
  39  3:55  SCV  
  40  4:04  SCV  
  40  4:07  Barracks Reactor, SCV  
  40  4:09  Siege Tank  
  45  4:17  SCV  
  45  4:19  SCV  
  47  4:25  Command Center  
  47  4:27  Raven  
  47  4:31  SCV x2  
  51  4:34  Supply Depot  
  51  4:43  SCV x2  
  51  4:44  Marine  
  54  4:56  SCV x2, Siege Tank, Marine  
  54  4:57  Supply Depot  
  60  5:02  Marine  
  58  5:10  SCV x2  
  58  5:13  Raven  
  62  5:18  Marine  
  62  5:20  Supply Depot, Marine  
  64  5:22  SCV x2  
  64  5:23  Barracks  
  64  5:25  Barracks  
  66  5:30  Engineering Bay  
  66  5:32  Engineering Bay  
  66  5:34  SCV  
  67  5:36  Marine  
  67  5:37  Siege Tank  
  67  5:42  SCV  
  73  5:44  Orbital Command  
  73  5:49  Refinery  
  73  5:51  SCV  
  73  5:58  SCV  
  73  6:03  SCV  
  75  6:04  Viking x2  
  75  6:05  Stimpack, Marine  
  75  6:09  Orbital Command  
  80  6:12  Missile Turret  
  80  6:13  Barracks Reactor  
  80  6:14  Barracks Reactor  
  80  6:18  SCV x2  
  82  6:20  Missile Turret  
  82  6:23  Siege Tank, Marine  
  86  6:30  SCV x2  
  88  6:33  Terran Infantry Weapons Level 1  
  88  6:36  SCV  
  88  6:41  Marine  
  88  6:42  SCV x2  
  88  6:43  Terran Infantry Armor Level 1  
  90  6:48  SCV  
  90  6:49  Marine  
  90  6:50  Marine  
  93  6:55  Marine x2  
  93  6:56  Supply Depot, SCV  
  93  6:57  Supply Depot  
  93  6:59  Viking  
  98  7:02  Viking  
  98  7:04  Marine  
  101  7:18  SCV x2, Siege Tank, Marine x3  
  101  7:19  SCV, Marine  
  101  7:22  Marine  
  111  7:30  SCV x2  
  111  7:33  SCV  
  111  7:35  Marine x3  
  117  7:43  Supply Depot  
  117  7:44  Barracks, Sensor Tower  
  117  7:46  Barracks, Medivac, SCV x2  
  117  7:47  Marine  
  117  7:48  Marine  
  117  7:50  Medivac  
  125  7:54  Supply Depot  
  125  7:56  SCV  
  125  7:58  SCV  
  121  8:01  Siege Tank  
  121  8:04  Marine x3  
  121  8:05  SCV  
  118  8:09  SCV  
  118  8:10  Refinery x2  
  119  8:13  Marine x2  
  119  8:16  Supply Depot  
  119  8:19  Combat Shield  
  121  8:21  Marine  
  121  8:22  Marine  
  121  8:23  Marine  
  121  8:25  Medivac x2  
  128  8:31  Marine x2  
  131  8:34  SCV x3  
  131  8:38  Barracks Reactor x2  
  131  8:39  Marine  
  134  8:42  Armory, Siege Tank, Marine x2  
  134  8:47  Supply Depot  
  139  8:48  Marine  
  139  8:54  Marine  
  139  8:55  SCV  
  132  8:57  Marine  
  132  8:58  Medivac  
  132  8:59  Medivac  
  132  9:00  Marine x2  
  139  9:06  Marine  
  139  9:09  SCV  
  141  9:11  Supply Depot  
  141  9:12  Factory, Marine  
  141  9:15  Marine  
  141  9:16  Marine  
  141  9:17  Marine  
  144  9:18  Marine x2  
  144  9:19  Siege Tank, Marine  
  144  9:20  Marine  
  150  9:24  Marine  
  152  9:33  Marine  
  152  9:34  Supply Depot, Marine x2  
  152  9:35  Supply Depot  
  152  9:36  Marine  
  159  9:49  Barracks Reactor  
Tags
 
Add a new tag
Caveats
  • Supply blocks, unpowered buildings, or Contaminate may cause inaccurate times.
  • Supply counts are checked every 10 seconds.